 Dungeon Crawl Stone Soup version 0.27-a0-1036-g8e1b44f6bd (webtiles) character file.

Game seed: 15664910791506655147

37860 tardwrangler69 the Warrior (level 13, 0/126 HPs)
             Began as a Yellow Draconian Earth Elementalist on Apr 18, 2021.
             Was a High Priest of Vehumet.
             Slain by an eight-headed hydra (10 damage)
             ... in a Gauntlet.
             The game lasted 00:34:25 (25386 turns).

tardwrangler69 the Warrior (DrEE)                  Turns: 25386, Time: 00:34:26

Health: 0/126      AC: 18    Str:  9 (10) XL:     13   Next: 60%
Magic:  12/23      EV: 16    Int: 21      God:    Vehumet [*****.]
Gold:   1409       SH: 11    Dex: 11 (12) Spells: 15/26 levels left

rFire    . . .     SeeInvis .   x - +1 whip (elec)
rCold    . . .     Faith    .   H - +2 buckler {AC+3}
rNeg     . . .     Spirit   .   (armour unavailable)
rPois    .         Reflect  +   (helmet restricted)
rElec    .         Harm     .   v - scarf {repulsion}
rCorr    +         Rampage  .   L - +0 pair of gloves
Will     .....     NoTele   +   K - +0 pair of boots
Stlth    ++........             d - amulet of reflection
HPRegen  0.31/turn              j - +4 ring of protection
MPRegen  0.18/turn              (no ring)

@: short of breath, slowed, repel missiles, very slow
A: spit acid, AC +8, unfitting armour, cold-blooded, acid resistance, stinger 1,
deterioration 1, sense surroundings 1, shaggy fur 1
a: Breathe Acid, Renounce Religion


You were in a Gauntlet.
You worshipped Vehumet.
Vehumet was extremely pleased with you.
You visited 3 branches of the dungeon, and saw 19 of its levels.
You also visited: Gauntlet.

You collected 1956 gold pieces.
You spent 547 gold pieces at shops.

Inventory:

Hand Weapons
 t - a +2 long sword of electrocution
 x - a +1 whip of electrocution (weapon)
 z - a +3 trident
Missiles
 b - 314 stones
 n - 4 throwing nets
 A - 3 curare-tipped darts
Armour
 v - a scarf of repulsion (worn)
 F - a +1 buckler of resistance
 H - a +2 buckler of protection (worn)
 K - a +0 pair of boots (worn)
 L - a +0 pair of gloves (worn)
 N - the +1 hat of the Devil's Advocate {Fly}
   (You found it in a Gauntlet)

   It grants you flight.
Jewellery
 d - an amulet of reflection (around neck)
 g - a ring of flight
 j - a +4 ring of protection (left hand)
 q - an amulet of magic regeneration
 u - an amulet of the acrobat
Wands
 p - a wand of flame (97)
 w - a wand of mindburst (33)
 B - a wand of charming (9)
 C - a wand of iceblast (13)
 E - a wand of paralysis (7)
 M - a wand of digging (14)
 T - a wand of acid (10)
Scrolls
 c - 7 scrolls of amnesia
 f - 3 scrolls of vulnerability
 y - a scroll of blinking
 D - 3 scrolls of magic mapping
 J - a scroll of brand weapon
 O - 2 scrolls of enchant armour
 R - a scroll of fog
 V - a scroll of teleportation
Potions
 a - 2 potions of magic
 e - 2 potions of haste
 h - 6 potions of brilliance
 i - 4 potions of mutation
 k - 3 potions of attraction
 l - 6 potions of curing
 m - 2 potions of berserk rage
 o - 2 potions of cancellation
 r - 4 potions of heal wounds
 s - a potion of invisibility
 G - 2 potions of flight
 I - a potion of lignification
 P - 2 potions of might
 U - 3 potions of ambrosia


   Skills:
 - Level 15.0 Fighting
 - Level 12.0 Dodging
 - Level 1.7 Stealth
 - Level 4.0 Shields
 - Level 7.0 Spellcasting
 - Level 7.0 Conjurations
 - Level 1.0 Transmutations
 + Level 9.2 Earth Magic


You had 15 spell levels left.
You knew the following spells:

 Your Spells              Type           Power      Damage    Failure   Level
a - Sandblast             Erth           92%        2d19      1%          1
b - Stone Arrow           Conj/Erth      82%        3d12      1%          3
c - Lee's Rapid Deconstr  Erth           23%        3d14*     1%          5
d - Passwall              Tmut/Erth      23%        N/A       1%          2

Your spell library contained the following spells:

 Spells                   Type           Power      Damage    Failure   Level
 Airstrike                Air            3%         N/A       22%         4
 Magic Dart               Conj           100%       1d8       1%          1
 Searing Ray              Conj           72%        3d6       1%          2
 Conjure Flame            Conj/Fire      22%        6-21      1%          3
 Dazzling Flash           Conj/Hex       44%        N/A       1%          3
 Mephitic Cloud           Conj/Pois/Air  17%        N/A       3%          3
 Iskenderun's Battlesphe  Conj           36%        2d9       4%          5
 Fulminant Prism          Conj/Hex       11%        3d9       5%          4
 Iskenderun's Mystic Bla  Conj/Tloc      22%        2d6       5%          4
 Ignite Poison            Fire/Tmut/Pois 8%         N/A       6%          3
 Sting                    Tmut/Pois      36%        1d4       7%          1
 Bolt of Magma            Conj/Fire/Erth 15%        4d9       7%          5
 Animate Skeleton         Necr           14%        N/A       9%          1
 Apportation              Tloc           14%        N/A       9%          1
 Corona                   Hex            7%         N/A       9%          1
 Summon Small Mammal      Summ           28%        N/A       9%          1
 Petrify                  Tmut/Erth      28%        N/A       11%         4
 Blink                    Tloc           N/A        N/A       13%         2
 Call Imp                 Summ           7%         N/A       13%         2
 Ensorcelled Hibernation  Hex/Ice        14%        N/A       13%         2
 Poisonous Vapours        Pois/Air       14%        N/A       13%         2
 Slow                     Hex            7%         N/A       13%         2
 Iron Shot                Conj/Erth      20%        9d5       13%         6
 Olgreb's Toxic Radiance  Pois           7%         N/A       22%         4
 Confusing Touch          Hex            7%         N/A       26%         3
 Gell's Gravitas          Tloc           3%         N/A       26%         3
 Lesser Beckoning         Tloc           3%         N/A       26%         3
 Teleport Other           Tloc           7%         N/A       26%         3
 Tukima's Dance           Hex            7%         N/A       26%         3
 Orb of Destruction       Conj           18%        9d8       67%         7
 Manifold Assault         Tloc           7%         N/A       94%         5
 Spellforged Servitor     Conj/Summ      11%        N/A       98%         7


Dungeon Overview and Level Annotations

Branches:
Dungeon (13/15)            Temple (1/1) D:6            Lair (5/6) D:8
  Swamp (0/4) Lair:3        Snake (0/4) Lair:2          Orc (0/2) D:9
Gauntlet (1/1)
  Slime: Lair:5-6    Vaults: D:13-14

Altars:
Ashenzari
Cheibriados
Dithmenos
Elyvilon
Fedhas
Gozag
Hepliaklqana
Kikubaaqudgha
Makhleb
Nemelex Xobeh
Okawaru
Qazlal
Ru
Sif Muna
Trog
Uskayaw
Vehumet
Wu Jian
Xom
Yredelemnul
Zin
The Shining One
Lugonu

Shops:
D:5 =   D:6 [

Portals:
Abyss: D:5
Trove: D:13 (give 16 scrolls of teleportation)

Annotations:
D:5 2 transporters, jestyr24's ghost, novice DsBe
D:12 Erolcha
D:13 exclusion: statue
Lair:1 2 transporters, bisexualwizard's ghost, journeyman TrMo
Lair:2 Snorg Gauntlet 10 transporters, 1 runed translucent door


Innate Abilities, Weirdness & Mutations

You can spit globs of acid.
Your golden yellow scales are hard. (AC +8)
You cannot fit into any form of body armour.
You are cold-blooded and may be slowed by cold attacks.
You are resistant to acid. (rCorr)
Your tail ends in a poisonous barb.
Your body sometimes deteriorates upon taking damage.
You passively map a small area around you.
You are covered in fur. (AC +1)


Message History

The eight-headed hydra closely misses you.
You block the torpor snail's attack.
You feel much better. The eight-headed hydra bites you.
You block the eight-headed hydra's attack. x2
The eight-headed hydra completely misses you.
You block the eight-headed hydra's attack.
The eight-headed hydra bites you but does no damage.
The eight-headed hydra bites you.
* * * LOW HITPOINT WARNING * * *
The eight-headed hydra completely misses you.
The torpor snail bites you but does no damage.
Casting: Stone Arrow (safe; 1% risk of failure)
Confirm with . or Enter, or press ? or * to list all spells.
Aiming: Stone Arrow (safe; 1% risk of failure)
Press: ? - help, Shift-Dir - straight line, f - eight-headed hydra
Aim: an eight-headed hydra (moderately wounded, covered in acid, 92% to hit)
The stone arrow hits the eight-headed hydra!!
The eight-headed hydra is severely wounded.
The eight-headed hydra is no longer covered in acid.
You block the eight-headed hydra's attack.
The eight-headed hydra bites you.
* * * LOW HITPOINT WARNING * * *
The eight-headed hydra bites you but does no damage.
The eight-headed hydra barely misses you.
You block the eight-headed hydra's attack.
The eight-headed hydra barely misses you.
The eight-headed hydra closely misses you.
The eight-headed hydra bites you but does no damage.
The eight-headed hydra bites you.
* * * LOW HITPOINT WARNING * * *
The eight-headed hydra closely misses you.
The eight-headed hydra misses you.
You block the eight-headed hydra's attack.
The eight-headed hydra bites you.
* * * LOW HITPOINT WARNING * * *
The eight-headed hydra bites you!
* * * LOW HITPOINT WARNING * * *
The eight-headed hydra bites you but does no damage.
The eight-headed hydra bites you!
You die...

#≈...###...###...###z##zz#
##...###...###...##zzzzzzz
#§...#..##+..#...#z##z##.#
##.8.#..#©#..#.8.#z##.##.#
#≈...#.|'##..#...#zzz..z..
##...###..)###...##z##.##z
#≈...####©####...##.##.###
##...#########...#..["©.?z
#≈.....#w@.#.....#########
##.8...#D8.#...8....#.©.#.
##......#.©.#........#...#.
#≈...###########.....#.©.#.
##...#..#.yyy..#...########
#≈...#...#.....#...#25.....
##...#...#....##...#.......
#≈...#....#©##.#...#.#####.
##.8.#...###...#.8.#...©...


You could see an eight-headed hydra, a torpor snail and 3 meliai.

Vanquished Creatures
  Kirke (Lair:4)
  A boulder beetle (D:12)
  5 hydras
  2 centaur warriors (D:13)
  4 two-headed ogres
  An ogre mage (D:10)
  3 bog bodies (Lair:3)
  Pikel (D:8)
  A deep elf pyromancer (D:12)
  An oklob plant (Lair:3)
  3 centaur zombies
  A black mamba (Lair:1)
  A torpor snail (Lair:3)
  A gargoyle (D:10)
  10 cane toads
  3 unseen horrors
  A kobold demonologist (D:9)
  4 komodo dragons
  A queen bee (Lair:2)
  5 trolls
  A meliai (D:10)
  A hornet (D:9)
  Prince Ribbit (D:6)
  A meliai zombie (D:11)
  Sigmund (D:5)
  32 yaks
  2 wyverns (D:9)
  A shadow (D:11)
  4 wraiths
  4 basilisks
  A human (Lair:4)
  2 vampires (D:12)
  A hog (Lair:4)
  Edmund (D:5)
  3 acid dragons
  6 water moccasins
  A sky beast (D:5)
  8 orc warriors
  3 black bears
  3 ogres
  2 necrophages (D:5)
  2 ice beasts
  12 wolves
  13 centaurs
  A lemure (D:8)
  2 kobold brigands
  11 bullfrogs
  A gnoll sergeant (D:9)
  A wyvern zombie (D:7)
  3 scorpions (D:8)
  37 killer bees
  4 vampire bats
  14 wights
  2 electric eels
  4 howler monkeys (D:9)
  6 jellies (Lair:3)
  7 hounds
  8 orc priests
  12 hell rats
  An iguana (D:5)
  A scorpion zombie (D:5)
  8 orc wizards
  5 adders
  11 gnolls
  A white imp (D:8)
  2 ufetubi
  2 adder skeletons (D:4)
  2 worms
  5 dart slugs
  27 orcs
  3 bat skeletons (D:12)
  4 bat zombies (D:12)
  20 endoplasms
  5 giant cockroaches
  5 goblins
  4 hobgoblins
  10 jackals
  5 quokkas
  8 ball pythons
  12 bats
  4 frilled lizards
  12 kobolds
  8 rats
434 creatures vanquished.

Vanquished Creatures (others)
  A human (Lair:4)
  A kobold brigand (D:9)
  44 fungi
  46 plants
92 creatures vanquished.

Grand Total: 526 creatures vanquished

Notes
Turn   | Place    | Note
-------+----------+-------------------------------------------
     0 | D:1      | tardwrangler69 the Draconian Earth Elementalist began the
                  | quest for the Orb.
     0 | D:1      | Reached XP level 1. HP: 14/14 MP: 3/3
   371 | D:1      | Reached XP level 2. HP: 19/20 MP: 5/5
  1090 | D:1      | Found a faded altar of an unknown god.
  1315 | D:1      | Reached XP level 3. HP: 16/26 MP: 6/6
  2281 | D:2      | Reached XP level 4. HP: 15/33 MP: 0/8
  2372 | D:2      | Reached skill level 1 in Shields
  3673 | D:2      | Reached XP level 5. HP: 16/38 MP: 4/9
  3676 | D:2      | Reached skill level 5 in Earth Magic
  4130 | D:3      | Found an iron altar of Okawaru.
  4130 | D:3      | Found a stormy altar of Qazlal.
  4130 | D:3      | Found a broken altar of Ashenzari.
  4130 | D:3      | Found a burning altar of Makhleb.
  4768 | D:4      | Noticed an ogre
  4901 | D:4      | Reached XP level 6. HP: 45/45 MP: 7/11
  5059 | D:4      | Found a white marble altar of Elyvilon.
  5867 | D:4      | Found an ornate altar of the Wu Jian Council.
  5912 | D:5      | Entered Level 5 of the Dungeon
  5915 | D:5      | Found Ymekkoff's Jewellery Shop.
  6044 | D:5      | Your scales start taking on a golden yellow colour.
  6044 | D:5      | Reached XP level 7. HP: 46/50 MP: 5/12
  6044 | D:5      | Gained mutation: You are resistant to acid. (rCorr) [Yellow
                  | Draconian growth]
  6126 | D:5      | Noticed a small abomination
  6207 | D:5      | Noticed Edmund
  6236 | D:5      | Killed Edmund
  6238 | D:5      | Gained mutation: You are covered in fur. (AC +1) [potion of
                  | mutation]
  6238 | D:5      | Gained mutation: Your tail ends in a poisonous barb.
                  | [potion of mutation]
  6238 | D:5      | Gained mutation: Your body sometimes deteriorates upon
                  | taking damage. [potion of mutation]
  6238 | D:5      | Gained mutation: You passively map a small area around you.
                  | [potion of mutation]
  6349 | D:5      | Found a transporter.
  6351 | D:5      | Found a one-way gate to the infinite horrors of the Abyss.
  6351 | D:5      | Noticed jestyr24's ghost (novice DsBe)
  6599 | D:5      | Reached XP level 8. HP: 50/57 MP: 10/15
  6656 | D:5      | Found a hazy altar of Hepliaklqana.
  6662 | D:5      | Found a hide-covered altar of Uskayaw.
  6891 | D:5      | Reached skill level 5 in Spellcasting
  6999 | D:5      | Found a glowing silver altar of Zin.
  7164 | D:5      | Noticed Sigmund
  7169 | D:5      | Killed Sigmund
  7300 | D:5      | Found a transporter.
  7441 | D:6      | Found a snail-covered altar of Cheibriados.
  7452 | D:6      | Learned a level 3 spell: Stone Arrow
  7458 | D:6      | Learned a level 5 spell: Lee's Rapid Deconstruction
  7474 | D:6      | Reached skill level 1 in Conjurations
  7543 | D:6      | Found a staircase to the Ecumenical Temple.
  7573 | Temple   | Entered the Ecumenical Temple
  7626 | D:6      | Reached XP level 9. HP: 58/62 MP: 18/18
  7668 | D:6      | Noticed Prince Ribbit
  7669 | D:6      | Found a shimmering altar of Xom.
  7673 | D:6      | Killed Prince Ribbit
  8204 | D:6      | Found Mekoab's Armour Boutique.
  8589 | D:7      | Found a shimmering blue altar of Sif Muna.
  8590 | D:7      | Found an ancient bone altar of Kikubaaqudgha.
  8591 | D:7      | Found a radiant altar of Vehumet.
  8595 | D:7      | Identified Sif Muna's Papyrus of Transformation
  8616 | D:7      | Became a worshipper of Vehumet
  8636 | D:7      | Reached skill level 5 in Conjurations
  9893 | D:8      | Reached skill level 1 in Fighting
  9920 | D:8      | Reached skill level 2 in Fighting
 10007 | D:8      | Noticed Pikel
 10019 | D:8      | Killed Pikel
 10020 | D:8      | Reached skill level 3 in Fighting
 10020 | D:8      | Reached XP level 10. HP: 23/78 MP: 4/20
 10224 | D:8      | Reached skill level 4 in Fighting
 10407 | D:8      | Found a staircase to the Lair.
 10860 | D:8      | Reached skill level 5 in Fighting
 10985 | D:8      | Reached * piety under Vehumet
 10985 | D:8      | Offered knowledge of Foxfire by Vehumet.
 11058 | D:8      | Reached skill level 6 in Fighting
 11398 | D:9      | Found a staircase to the Orcish Mines.
 11551 | D:9      | Reached skill level 7 in Fighting
 11813 | D:9      | Reached ** piety under Vehumet
 11813 | D:9      | Offered knowledge of Freeze by Vehumet.
 11856 | D:9      | Reached skill level 8 in Fighting
 12017 | D:9      | Found a glowing golden altar of the Shining One.
 12035 | D:9      | Reached skill level 9 in Fighting
 12700 | D:9      | Reached skill level 10 in Fighting
 12760 | D:9      | Noticed a two-headed ogre
 13030 | D:9      | Reached XP level 11. HP: 81/101 MP: 3/21
 13152 | D:9      | Killed a two-headed ogre
 13204 | D:9      | Paralysed by an orc priest for 5 turns
 13218 | D:9      | Reached skill level 11 in Fighting
 13285 | D:9      | Noticed a two-headed ogre
 13289 | D:9      | Killed a two-headed ogre
 13493 | D:6      | Bought a +1 buckler of resistance for 547 gold pieces
 13662 | D:10     | Entered Level 10 of the Dungeon
 13662 | D:10     | Noticed a two-headed ogre
 13694 | D:10     | Found a snail-covered altar of Cheibriados.
 13794 | D:10     | Killed a two-headed ogre
 13833 | D:10     | Reached skill level 12 in Fighting
 14043 | D:10     | Noticed an ogre mage
 14044 | D:10     | Noticed a seven-headed hydra
 14067 | D:10     | Killed a seven-headed hydra
 14299 | D:10     | Noticed a two-headed ogre
 14304 | D:10     | Killed a two-headed ogre
 14307 | D:10     | Killed an ogre mage
 14308 | D:10     | Reached skill level 13 in Fighting
 14757 | D:10     | Offered knowledge of Inner Flame by Vehumet.
 15146 | D:10     | Identified the +4 quarterstaff "Diedwehi" {holy, +Blink rC+
                  | Int-5 Stlth+}
 15563 | D:11     | Reached skill level 14 in Fighting
 16023 | D:12     | Noticed a deep elf pyromancer
 16027 | D:12     | Killed a deep elf pyromancer
 16290 | D:12     | Noticed a boulder beetle
 16296 | D:12     | Killed a boulder beetle
 16297 | D:12     | Reached XP level 12. HP: 114/118 MP: 8/22
 16418 | D:12     | Noticed Erolcha
 16747 | D:12     | Reached *** piety under Vehumet
 16750 | D:12     | Noticed a six-headed hydra
 17090 | D:12     | Killed a six-headed hydra
 17091 | D:12     | Reached skill level 15 in Fighting
 17263 | D:12     | Found an ancient bone altar of Kikubaaqudgha.
 17873 | D:13     | Noticed a centaur warrior
 17878 | D:13     | Killed a centaur warrior
 18127 | D:13     | Noticed a centaur warrior
 18131 | D:13     | Killed a centaur warrior
 18132 | D:13     | Reached skill level 5 in Dodging
 18277 | D:13     | Found a radiant altar of Vehumet.
 18381 | D:13     | Found a portal to a secret trove of treasure.
 18615 | D:13     | Noticed a six-headed hydra
 18622 | D:13     | Killed a six-headed hydra
 18627 | D:13     | Noticed an azure jelly
 18629 | D:13     | Noticed an alligator snapping turtle
 18629 | D:13     | an azure jelly changed into an alligator snapping turtle
 18631 | D:13     | Noticed an eleionoma
 18631 | D:13     | an alligator snapping turtle changed into an eleionoma
 18634 | D:13     | Noticed a death yak
 18634 | D:13     | an eleionoma changed into a death yak
 18635 | D:13     | Noticed a quicksilver ooze
 18635 | D:13     | a death yak changed into a quicksilver ooze
 18643 | D:13     | Noticed a four-headed hydra
 18643 | D:13     | a quicksilver ooze changed into a four-headed hydra
 18757 | D:12     | Learned a level 2 spell: Passwall
 18920 | Lair:1   | Entered Level 1 of the Lair of Beasts
 18942 | Lair:1   | Found a transporter.
 18954 | Lair:1   | Found a bloodstained altar of Trog.
 18966 | Lair:1   | Found a transporter.
 18966 | Lair:1   | Noticed bisexualwizard's ghost (journeyman TrMo)
 19147 | Lair:1   | Offered knowledge of Hailstorm by Vehumet.
 19266 | Lair:1   | Noticed a four-headed hydra
 19284 | Lair:1   | Killed a four-headed hydra
 20157 | Lair:2   | Noticed a four-headed hydra
 20595 | Lair:2   | Found a staircase to the Snake Pit.
 21059 | Lair:2   | Reached **** piety under Vehumet
 21079 | Lair:2   | Offered knowledge of Lightning Bolt by Vehumet.
 21861 | Lair:3   | Reached XP level 13. HP: 107/126 MP: 13/23
 22200 | Lair:3   | Noticed Snorg
 22203 | Lair:3   | Reached ***** piety under Vehumet
 22735 | Lair:3   | Reached skill level 10 in Dodging
 22875 | Lair:3   | Offered knowledge of Airstrike by Vehumet.
 23627 | Lair:3   | Found a staircase to the Swamp.
 23737 | Lair:4   | Noticed Kirke
 23744 | Lair:4   | Killed Kirke
 25131 | Lair:5   | Found a gate leading to a gauntlet.
 25140 | Gauntlet | Entered a Gauntlet
 25140 | Gauntlet | Found a transporter.
 25179 | Gauntlet | Found a runed translucent door.
 25180 | Gauntlet | Found a transporter.
 25181 | Gauntlet | Found a transporter.
 25182 | Gauntlet | Found a transporter.
 25185 | Gauntlet | Found a transporter.
 25186 | Gauntlet | Found a transporter.
 25191 | Gauntlet | Noticed a reaper
 25197 | Gauntlet | Found a transporter.
 25215 | Gauntlet | Found a transporter.
 25232 | Gauntlet | Found a transporter.
 25236 | Gauntlet | Found a transporter.
 25244 | Gauntlet | Found a transporter.
 25293 | Gauntlet | Found a runed translucent door.
 25320 | Gauntlet | Found a transporter.
 25377 | Gauntlet | Identified the +1 hat of the Devil's Advocate {Fly}
 25386 | Gauntlet | Slain by an eight-headed hydra

Illustrated notes

Levels and vault maps discovered:
D:1:      dpeg_arrival_lava_temple_mockup, layout_basic, basic_ecumenical_altar
D:2:      layout_basic
D:3:      layout_basic, grunt_temple_overflow_cloverleaf, cheibrodos_gnoll_hut
D:4:      layout_basic, marbit_many_paths, lemuel_coloured_pillars_altar,
          serial_bayou_pond_b, minmay_close_crescents
D:5:      layout_rooms, kennysheep_mini, overflow_temple_1_default,
          old_standard_altar, serial_shops, shop,
          gammafunk_ghost_abyssal_escape, uniq_sigmund, uniq_edmund
D:6:      layout_basic, temple_fountains, serial_shops, shop,
          hangedman_feature_mirror, uniq_prince_ribbit1
D:7:      layout_cave_pods, grunt_temple_overflow_magic_moments
D:8:      layout_gridville, grunt_lair_entry_orc_guard_hut, uniq_pikel
D:9:      minmay_polygon_palace, layout_loops_ring, overflow_temple_1_default,
          orc_0_dummy, minivault_22
D:10:     kennysheep_spiral_hall, layout_loops_cross, slow_altar_1,
          minmay_radiant
D:11:     layout_roguey
D:12:     layout_basic, minmay_misc_feat_hallway, kennysheep_vampire_church,
          uniq_erolcha
D:13:     layout_loops_ring, david_vaults_4, enter_trove_6, vehumet_statue
Temple:   corrupted_temple
Lair:1:   layout_hall_layers, gammafunk_ghost_wrathful_warriors
Lair:2:   layout_roguey [special_room_bee], dummy_snake_entry
Lair:3:   lemuel_slime, layout_chaotic_city,
          nicolae_swamp_entry_splash_gauntlet, st_stairs_6, roderic_batcave,
          minmay_holes, uniq_snorg
Lair:4:   layout_regular_city, serial_bayou_shore_a, uniq_kirke
Lair:5:   layout_regular_city, gauntlet_entry_generic
Gauntlet: minmay_gauntlet_mixed_oops_all_seconds
          [minmay_gauntlet_arena_77_cramped, gammafunk_gauntlet_arena_crates,
          minmay_gauntlet_arena_77_checkered, nicolae_gauntlet_swirl,
          minmay_gauntlet_arena_77_chump_sandwich,
          gammafunk_gauntlet_arena_grid, gauntlet_exit_watery]

Skill      XL: |  1  2  3  4  5  6  7  8  9 10 11 12 13 |
---------------+----------------------------------------+-----
Earth Magic    | 4 5 6 7 9 |  9.2
Shields        | 1 2 3 4 |  4.0
Spellcasting   | 3 4 6 7 |  7.0
Conjurations   | 1 7 |  7.0
Fighting       | 3 10 14 15 | 15.0
Dodging        | 9 12 | 12.0
Stealth        | |  1.7
Transmutations | |  1.0

Action                   |  1- 3 |  4- 6 |  7- 9 | 10-12 | 13-15 || total
-------------------------+-------+-------+-------+-------+-------++-------
Melee: Short sword       |    90 |     3 |    26 |       |       ||   119
       Unarmed           |     6 |       |       |       |       ||     6
       Tailslap          |    11 |    11 |     6 |    26 |     6 ||    60
       Spear             |       |   160 |       |       |       ||   160
       Long sword        |       |       |    37 |       |       ||    37
       Whip              |       |       |       |   205 |    42 ||   247
 Cast: Sandblast         |    26 |    61 |    90 |   138 |    53 ||   368
       Stone Arrow       |       |       |    14 |   137 |    68 ||   219
       Lee's Rapid Decon |       |       |       |    60 |    18 ||    78
 Abil: Breathe Acid      |       |       |     6 |    31 |    10 ||    47
  Use: Potion            |       |       |     3 |     1 |     1 ||     5
       Scroll            |       |       |    11 |    10 |     9 ||    30
 Stab: Sleeping          |     4 |     9 |     2 |       |       ||    15
       Distracted        |       |     1 |       |       |       ||     1
Armor: Skin              |    34 |    45 |    25 |   184 |    48 ||   336
Dodge: Dodged            |    77 |    81 |    47 |   234 |    95 ||   534
       Repelled          |       |       |       |     1 |       ||     1
Block: Other             |    19 |       |       |       |       ||    19
       Buckler           |    17 |    82 |    64 |   282 |    96 ||   541
       Reflection        |     1 |     1 |     6 |    10 |       ||    18
       Rpst.: Long sword |       |       |    13 |       |       ||    13

Table legend: (Time is in decaauts)
 A = Elapsed time spent in this place.
 B = Non-inter-level travel time spent in this place.
 C = Inter-level travel time spent in this place.
 D = Time resting spent in this place.
 E = Time spent auto-exploring this place.
 F = Levels seen in this place.
 G = Mean time per level.
                   A        B        C        D        E       F      G
               +--------+--------+--------+--------+--------+-----+--------+
         Total |  25516 |  24268 |   1248 |    418 |  20625 |  20 | 1275.8 |
       Dungeon |  18936 |  17841 |   1095 |    104 |  15454 |  13 | 1456.6 |
        Temple |     42 |     29 |     13 |      0 |     29 |   1 |   42.0 |
          Lair |   6287 |   6148 |    139 |    314 |   4946 |   5 | 1257.4 |
      Gauntlet |    249 |    249 |      0 |      0 |    196 |   1 |  249.0 |
               +--------+--------+--------+--------+--------+-----+--------+

Top non-repeatable levels by time:
     D:9: 2252 daAuts
    D:12: 2131 daAuts
     D:1: 2098 daAuts
  Lair:3: 1773 daAuts
  Lair:2: 1761 daAuts
     D:8: 1757 daAuts
     D:3: 1591 daAuts
    D:10: 1535 daAuts
     D:5: 1404 daAuts
  Lair:4: 1367 daAuts
  Lair:1: 1288 daAuts
     D:7: 1240 daAuts
     D:2: 1175 daAuts
     D:6: 1135 daAuts
     D:4: 1085 daAuts
